| TOP OF THE 1ST |
|
Nashville Sounds batting - Pitching for Toledo Mud Hens : LHP Josh Thorpe
|
|
Pitching: LHP Josh Thorpe
|
|
|
Batting: RHB Jeff Garofalo
|
0-0: Ball 1-0: Swinging Strike 1-1: Ball 2-1: Foul Ball, location: 2F 2-2: Foul Ball, location: 2F 2-2: Foul Ball, location: 2F 2-2: Ball 3-2: Base on Balls
|
|
Batting: SHB Robert Santiago
|
0-0: Ball 1-0: Ball 2-0: Foul Ball, location: 2F 2-1: Ball 3-1: Called Strike 3-2: SINGLE (Groundball, 6S, EV 73.8 MPH) (infield hit) Jeff Garofalo to second
|
|
Batting: RHB Tim Cordle
|
0-0: Called Strike 0-1: Foul Ball, location: 2F 0-2: Strikes out swinging
|
|
Batting: RHB David Herrera
|
0-0: Foul Ball, location: 2F 0-1: Swinging Strike 0-2: Foul Ball, location: 2F 0-2: Foul Ball, location: 2F 0-2: Foul Ball, location: 2F 0-2: Grounds into double play, 4-6-3 (Groundball, 4S, EV 86.2 MPH)
|
| Top of the 1st over - 0 runs, 1 hit, 0 errors, 1 left on base; Nashville 0 - Toledo 0 |
| BOTTOM OF THE 1ST |
|
Toledo Mud Hens batting - Pitching for Nashville Sounds : RHP Danny Nsoah
|
|
Pitching: RHP Danny Nsoah
|
|
|
Batting: RHB Brandon O'Malley
|
0-0: Called Strike 0-1: Foul Ball, location: 2F 0-2: Ground out 6-3 (Groundball, 6, EV 93.1 MPH)
|
|
Batting: RHB J.J. Basil
|
0-0: Ground out 6-3 (Groundball, 56, EV 93.1 MPH)
|
|
Batting: LHB Bill Ford
|
0-0: Ball 1-0: Ball 2-0: Ball 3-0: Base on Balls
|
|
Batting: LHB Jon Frederick
|
0-0: Ball 1-0: Ball 2-0: Called Strike 2-1: Foul Ball, location: 2F 2-2: Ball 3-2: Foul Ball, location: 2F 3-2: Base on Balls Bill Ford to second
|
|
Batting: RHB Dan Becvar
|
0-0: Called Strike 0-1: Called Strike 0-2: Ball 1-2: Strikes out swinging
|
| Bottom of the 1st over - 0 runs, 0 hits, 0 errors, 2 left on base; Nashville 0 - Toledo 0 |
| TOP OF THE 2ND |
|
Nashville Sounds batting - Pitching for Toledo Mud Hens : LHP Josh Thorpe
|
|
Batting: LHB Tomas Segarra
|
0-0: Ball 1-0: Ball 2-0: Ball 3-0: Called Strike 3-1: Base on Balls
|
|
Batting: RHB Wade Diamond
|
0-0: Swinging Strike 0-1: Ball 1-1: Called Strike 1-2: Ball 2-2: Foul Ball, location: 2F 2-2: Strikes out swinging
|
|
Batting: RHB Robby Godwin
|
0-0: Foul Ball, location: 2F 0-1: Called Strike 0-2: Foul Ball, location: 2F 0-2: Fly out, F8 (Line Drive, 8RM, EV 94.4 MPH)
|
|
Batting: SHB Ryan Chicoine
|
0-0: Ball 1-0: SINGLE (Line Drive, 7S, EV 108.1 MPH) Tomas Segarra to second
|
|
Batting: RHB Ryan Kinkead
|
0-0: Ball 1-0: Ball 2-0: Ball 3-0: Base on Balls Tomas Segarra to third Ryan Chicoine to second
|
|
Batting: RHB Jeff Garofalo
|
0-0: Called Strike 0-1: Foul Ball, location: 2F 0-2: Foul Ball, location: 2F 0-2: Foul Ball, location: 2F 0-2: Ball 1-2: Strikes out looking
|
| Top of the 2nd over - 0 runs, 1 hit, 0 errors, 3 left on base; Nashville 0 - Toledo 0 |
| BOTTOM OF THE 2ND |
|
Toledo Mud Hens batting - Pitching for Nashville Sounds : RHP Danny Nsoah
|
|
Batting: RHB Joel Miller
|
0-0: Called Strike 0-1: Called Strike 0-2: Ground out 5-3 (Groundball, 56S, EV 85.6 MPH)
|
|
Batting: RHB Keith Hoffman
|
0-0: Swinging Strike 0-1: SINGLE (Groundball, 34D, EV 99.4 MPH)
|
|
Batting: RHB Aaron Cusick
|
0-0: Ball 1-0: Ball 2-0: Foul Ball, location: 2F 2-1: Fielders Choice at 2nd, 4-6 (Groundball, 4, EV 80.6 MPH)
|
|
Batting: SHB Scott Bartholomew
|
0-0: Ball 1-0: Called Strike 1-1: Ball 2-1: Foul Ball, location: 2F 2-2: SINGLE (Groundball, 6M, EV 92.5 MPH) (infield hit) Aaron Cusick to second
|
|
Batting: RHB Brandon O'Malley
|
0-0: Called Strike 0-1: Ball 1-1: Swinging Strike 1-2: Strikes out swinging
|
| Bottom of the 2nd over - 0 runs, 2 hits, 0 errors, 2 left on base; Nashville 0 - Toledo 0 |
| TOP OF THE 3RD |
|
Nashville Sounds batting - Pitching for Toledo Mud Hens : LHP Josh Thorpe
|
|
Batting: SHB Robert Santiago
|
0-0: Ball 1-0: Ball 2-0: Called Strike 2-1: Swinging Strike 2-2: Ball 3-2: Base on Balls
|
|
Batting: RHB Tim Cordle
|
0-0: Foul Ball, location: 2F 0-1: Ball 1-1: Foul Ball, location: 2F 1-2: Fly out, F9 (Line Drive, 9LS, EV 91.2 MPH)
|
|
Batting: RHB David Herrera
|
0-0: Ball 1-0: Swinging Strike 1-1: SINGLE (Line Drive, 7LS, EV 106.2 MPH) Robert Santiago to second
|
|
Batting: LHB Tomas Segarra
|
0-0: Ball 1-0: Ball 2-0: Ball 3-0: Called Strike 3-1: Foul Ball, location: 2F 3-2: Fly out, F8 (Flyball, 8RM, EV 88.8 MPH)
|
|
Batting: RHB Wade Diamond
|
0-0: Ball 1-0: Ball 2-0: Ball 3-0: Base on Balls Robert Santiago to third David Herrera to second
|
|
Batting: RHB Robby Godwin
|
0-0: Ball 1-0: SINGLE (Line Drive, 9LS, EV 110.0 MPH) Robert Santiago scores David Herrera to third Wade Diamond to second
|
|
Batting: SHB Ryan Chicoine
|
0-0: Ball 1-0: Ball 2-0: Ball 3-0: Called Strike 3-1: Swinging Strike 3-2: Ground out 5-3 (Groundball, 5, EV 84.4 MPH)
|
| Top of the 3rd over - 1 run, 2 hits, 0 errors, 3 left on base; Nashville 1 - Toledo 0 |
| BOTTOM OF THE 3RD |
|
Toledo Mud Hens batting - Pitching for Nashville Sounds : RHP Danny Nsoah
|
|
Batting: RHB J.J. Basil
|
0-0: Ball 1-0: Called Strike 1-1: Ball 2-1: Ground out 6-3 (Groundball, 6, EV 78.8 MPH)
|
|
Batting: LHB Bill Ford
|
0-0: Ball 1-0: Ball 2-0: Foul Ball, location: 2F 2-1: Ground out 4-3 (Groundball, 4, EV 86.9 MPH)
|
|
Batting: LHB Jon Frederick
|
0-0: Ball 1-0: Ground out 4-3 (Groundball, 4, EV 103.1 MPH)
|
| Bottom of the 3rd over - 0 runs, 0 hits, 0 errors, 0 left on base; Nashville 1 - Toledo 0 |
| TOP OF THE 4TH |
|
Nashville Sounds batting - Pitching for Toledo Mud Hens : LHP Josh Thorpe
|
|
Batting: RHB Ryan Kinkead
|
0-0: Foul Ball, location: 2F 0-1: Ball 1-1: Swinging Strike 1-2: Fly out, F8 (Line Drive, 8RM, EV 102.5 MPH)
|
|
Batting: RHB Jeff Garofalo
|
0-0: Called Strike 0-1: Ball 1-1: Ball 2-1: Called Strike 2-2: Ball 3-2: Fly out, F8 (Flyball, 78XD, EV 86.9 MPH)
|
|
Batting: SHB Robert Santiago
|
0-0: Swinging Strike 0-1: Ball 1-1: Swinging Strike 1-2: Ball 2-2: SINGLE (Groundball, 6MD, EV 103.1 MPH)
|
|
Batting: RHB Tim Cordle
|
0-0: Foul Ball, location: 2F 0-1: Called Strike 0-2: Ball 1-2: Ball 2-2: Foul Ball, location: 2F 2-2: Foul Ball, location: 2F 2-2: Ball Wild Pitch! Robert Santiago to second 3-2: Foul Ball, location: 2F 3-2: Base on Balls
|
|
Pitching: RHP Roberto Benavides
|
|
|
Batting: RHB David Herrera
|
0-0: Ground out 6-3 (Groundball, 6S, EV 80.0 MPH)
|
| Top of the 4th over - 0 runs, 1 hit, 0 errors, 2 left on base; Nashville 1 - Toledo 0 |
| BOTTOM OF THE 4TH |
|
Toledo Mud Hens batting - Pitching for Nashville Sounds : RHP Danny Nsoah
|
|
Batting: RHB Dan Becvar
|
0-0: Swinging Strike 0-1: Fly out, F8 (Line Drive, 8RM, EV 99.4 MPH)
|
|
Batting: RHB Joel Miller
|
0-0: Ball 1-0: Ball 2-0: SINGLE (Groundball, 6MD, EV 101.9 MPH)
|
|
Batting: RHB Keith Hoffman
|
0-0: Ball 1-0: Foul Ball, location: 2F 1-1: Called Strike 1-2: Ball 2-2: Foul Ball, location: 2F 2-2: Fly out, F6 (Popup, 56D, EV 74.4 MPH)
|
|
Batting: RHB Aaron Cusick
|
0-0: Foul Ball, location: 2F 0-1: Called Strike 0-2: Strikes out looking
|
| Bottom of the 4th over - 0 runs, 1 hit, 0 errors, 1 left on base; Nashville 1 - Toledo 0 |
| TOP OF THE 5TH |
|
Nashville Sounds batting - Pitching for Toledo Mud Hens : RHP Roberto Benavides
|
|
Batting: LHB Tomas Segarra
|
0-0: Called Strike 0-1: Ball 1-1: Foul Ball, location: 2F 1-2: Foul Ball, location: 2F 1-2: Ball 2-2: Ball 3-2: SINGLE (Line Drive, 7S, EV 100.0 MPH)
|
|
Batting: RHB Wade Diamond
|
0-0: Ball 1-0: Ball 2-0: Grounds into double play, 6-4-3 (Groundball, 6, EV 84.4 MPH)
|
|
Batting: RHB Robby Godwin
|
0-0: Ball 1-0: Ball 2-0: Ball 3-0: Base on Balls
|
|
Batting: SHB Ryan Chicoine
|
0-0: Ball 1-0: Swinging Strike 1-1: Called Strike 1-2: Ball 2-2: Ball 3-2: Foul Ball, location: 2F 3-2: Foul Ball, location: 2F 3-2: Strikes out swinging
|
| Top of the 5th over - 0 runs, 1 hit, 0 errors, 1 left on base; Nashville 1 - Toledo 0 |
| BOTTOM OF THE 5TH |
|
Toledo Mud Hens batting - Pitching for Nashville Sounds : RHP Danny Nsoah
|
|
Batting: SHB Scott Bartholomew
|
0-0: Ball 1-0: Ball 2-0: Foul Ball, location: 2F 2-1: Foul Ball, location: 2F 2-2: Ball 3-2: Strikes out swinging
|
|
Batting: RHB Brandon O'Malley
|
0-0: Ball 1-0: Ball 2-0: Called Strike 2-1: Ball 3-1: Base on Balls
|
|
Batting: RHB J.J. Basil
|
0-0: Ball 1-0: Called Strike 1-1: Ball 2-1: Ball 3-1: Foul Ball, location: 2F 3-2: Foul Ball, location: 2F 3-2: Ground out 5-3 (Groundball, 56S, EV 64.4 MPH) Brandon O'Malley to second
|
|
Batting: LHB Bill Ford
|
0-0: Foul Ball, location: 2F 0-1: Ball 1-1: Foul Ball, location: 2F 1-2: Reached on error, E3 (Groundball, 3L, EV 94.4 MPH) Brandon O'Malley to third
|
|
Batting: LHB Jon Frederick
|
0-0: Called Strike 0-1: Fly out, F6 (Flyball, 56D, EV 90.6 MPH)
|
| Bottom of the 5th over - 0 runs, 0 hits, 1 error, 2 left on base; Nashville 1 - Toledo 0 |
| TOP OF THE 6TH |
|
Nashville Sounds batting - Pitching for Toledo Mud Hens : RHP Roberto Benavides
|
|
Batting: RHB Ryan Kinkead
|
0-0: Called Strike 0-1: Ball 1-1: Swinging Strike 1-2: Ball 2-2: Fly out, F9 (Line Drive, 9S, EV 98.1 MPH)
|
|
Batting: RHB Jeff Garofalo
|
0-0: Ball 1-0: Ball 2-0: Ball 3-0: Base on Balls
|
|
Batting: SHB Robert Santiago
|
0-0: Ball 1-0: Fly out, F6 (Popup, 6M, EV 66.9 MPH)
|
|
Batting: RHB Tim Cordle
|
0-0: Ball Jeff Garofalo is caught stealing 2nd base 2-4
|
| Top of the 6th over - 0 runs, 0 hits, 0 errors, 0 left on base; Nashville 1 - Toledo 0 |
| BOTTOM OF THE 6TH |
|
Toledo Mud Hens batting - Pitching for Nashville Sounds : RHP Danny Nsoah
|
|
Batting: RHB Dan Becvar
|
0-0: Called Strike 0-1: Foul Ball, location: 2F 0-2: Ball 1-2: Foul Ball, location: 2F 1-2: Ball 2-2: Ball 3-2: SINGLE (Line Drive, 5D, EV 100.0 MPH)
|
|
Batting: RHB Joel Miller
|
0-0: Called Strike 0-1: Called Strike 0-2: SINGLE (Line Drive, 6D, EV 97.5 MPH) Dan Becvar to second
|
|
Batting: RHB Keith Hoffman
|
0-0: Foul Ball, location: 2F 0-1: Ball 1-1: Called Strike 1-2: Ball 2-2: Foul Ball, location: 2F 2-2: Foul Ball, location: 2F 2-2: Foul Ball, location: 2F 2-2: Strikes out swinging
|
|
Pitching: RHP A.J. Marston
|
|
|
Batting: RHB Aaron Cusick
|
0-0: Ball 1-0: Called Strike 1-1: Fielders Choice at 2nd, 6-4 (Groundball, 6, EV 102.5 MPH) Dan Becvar to third
|
|
Batting: SHB Scott Bartholomew
|
0-0: Ball 1-0: Swinging Strike 1-1: Called Strike 1-2: Strikes out looking
|
| Bottom of the 6th over - 0 runs, 2 hits, 0 errors, 2 left on base; Nashville 1 - Toledo 0 |
| TOP OF THE 7TH |
|
Nashville Sounds batting - Pitching for Toledo Mud Hens : RHP Roberto Benavides
|
|
Pitching: LHP Bobby Jones
|
|
|
Batting: RHB Tim Cordle
|
0-0: Foul Ball, location: 2F 0-1: Foul Ball, location: 2F 0-2: Ball 1-2: Foul Ball, location: 2F 1-2: Strikes out swinging
|
|
Batting: RHB David Herrera
|
0-0: Ball 1-0: Ball 2-0: Called Strike 2-1: Ball 3-1: Base on Balls
|
|
Batting: LHB Tomas Segarra
|
0-0: Called Strike 0-1: Foul Ball, location: 2F 0-2: Strikes out looking
|
|
Batting: RHB Wade Diamond
|
0-0: Foul Ball, location: 2F 0-1: Foul Ball, location: 2F 0-2: Strikes out swinging
|
| Top of the 7th over - 0 runs, 0 hits, 0 errors, 1 left on base; Nashville 1 - Toledo 0 |
| BOTTOM OF THE 7TH |
|
Toledo Mud Hens batting - Pitching for Nashville Sounds : RHP A.J. Marston
|
|
Batting: RHB Brandon O'Malley
|
0-0: Ball 1-0: Ground out 6-3 (Groundball, 6, EV 90.0 MPH)
|
|
Batting: RHB J.J. Basil
|
0-0: Called Strike 0-1: Ball 1-1: Ground out 5-3 (Groundball, 56, EV 86.9 MPH)
|
|
Batting: LHB Bill Ford
|
0-0: Called Strike 0-1: Called Strike 0-2: Ball 1-2: SINGLE (Line Drive, 34, EV 99.4 MPH)
|
|
Batting: LHB Jon Frederick
|
0-0: Ball Bill Ford is caught stealing 2nd base 2-6
|
| Bottom of the 7th over - 0 runs, 1 hit, 0 errors, 0 left on base; Nashville 1 - Toledo 0 |
| TOP OF THE 8TH |
|
Nashville Sounds batting - Pitching for Toledo Mud Hens : LHP Bobby Jones
|
|
Pitching: RHP Chris Kimura
|
|
|
Batting: RHB Robby Godwin
|
0-0: Ground out 5-3 (Groundball, 56S, EV 88.1 MPH)
|
|
Batting: SHB Ryan Chicoine
|
0-0: Ground out 5-3 (Groundball, 56, EV 105.6 MPH)
|
|
Batting: RHB Ryan Kinkead
|
0-0: Called Strike 0-1: Foul Ball, location: 2F 0-2: Fly out, F4 (Popup, 34, EV 80.0 MPH)
|
| Top of the 8th over - 0 runs, 0 hits, 0 errors, 0 left on base; Nashville 1 - Toledo 0 |
| BOTTOM OF THE 8TH |
|
Toledo Mud Hens batting - Pitching for Nashville Sounds : RHP A.J. Marston
|
|
Now at 2B: Eduardo Chavez
|
|
|
Batting: LHB Jon Frederick
|
0-0: Called Strike 0-1: Foul Ball, location: 2F 0-2: Strikes out swinging
|
|
Batting: RHB Dan Becvar
|
0-0: Ball 1-0: Foul Ball, location: 2F 1-1: Ground out 4-3 (Groundball, 4, EV 107.5 MPH)
|
|
Batting: RHB Joel Miller
|
0-0: Foul Ball, location: 2F 0-1: Ball 1-1: Foul Ball, location: 2F 1-2: DOUBLE (Line Drive, 3D, EV 96.9 MPH)
|
|
Batting: RHB Keith Hoffman
|
0-0: Ball 1-0: Foul Ball, location: 2F 1-1: Foul Ball, location: 2F 1-2: Foul Ball, location: 2F 1-2: Ball 2-2: Ball 3-2: Reached via error on a dropped throw from 1B, E1 (Groundball, 34, EV 100.0 MPH) Joel Miller to third
|
|
Batting: RHB Aaron Cusick
|
0-0: Called Strike 0-1: Swinging Strike 0-2: Ball 1-2: Foul Ball, location: 2F 1-2: Ball 2-2: Strikes out swinging
|
| Bottom of the 8th over - 0 runs, 1 hit, 1 error, 2 left on base; Nashville 1 - Toledo 0 |
| TOP OF THE 9TH |
|
Nashville Sounds batting - Pitching for Toledo Mud Hens : RHP Chris Kimura
|
|
Batting: RHB Jeff Garofalo
|
0-0: Called Strike 0-1: Ball 1-1: Ball 2-1: Ball 3-1: Base on Balls
|
|
Batting: SHB Robert Santiago
|
0-0: DOUBLE (Line Drive, 3D, EV 95.0 MPH) Jeff Garofalo to third
|
|
Batting: RHB Tim Cordle
|
0-0: Intentional Walk
|
|
Batting: RHB David Herrera
|
0-0: Foul Ball, location: 2F 0-1: Called Strike 0-2: Strikes out swinging
|
|
Batting: LHB Tomas Segarra
|
0-0: Ball 1-0: Called Strike 1-1: Swinging Strike 1-2: Foul Ball, location: 2F 1-2: Ball 2-2: Strikes out swinging
|
|
Batting: RHB Wade Diamond
|
0-0: Ball 1-0: Foul Ball, location: 2F 1-1: Ball 2-1: Foul Ball, location: 2F 2-2: Strikes out swinging
|
| Top of the 9th over - 0 runs, 1 hit, 0 errors, 3 left on base; Nashville 1 - Toledo 0 |
| BOTTOM OF THE 9TH |
|
Toledo Mud Hens batting - Pitching for Nashville Sounds : RHP A.J. Marston
|
|
Pitching: RHP Charlie Shook
|
|
|
Now at 1B: Zachary DeLuca
|
|
|
Batting: SHB Scott Bartholomew
|
0-0: Swinging Strike 0-1: Swinging Strike 0-2: Ground out 4-3 (Groundball, 4, EV 92.5 MPH)
|
|
Batting: RHB Brandon O'Malley
|
0-0: Ball 1-0: Called Strike 1-1: Foul Ball, location: 2F 1-2: Ball 2-2: Foul Ball, location: 2F 2-2: SINGLE (Line Drive, 7S, EV 98.8 MPH)
|
|
Batting: RHB J.J. Basil
|
0-0: Swinging Strike 0-1: Swinging Strike 0-2: Strikes out swinging
|
|
Batting: LHB Bill Ford
|
0-0: Ball 1-0: TRIPLE (Line Drive, 78XD, EV 104.4 MPH) Brandon O'Malley scores
|
|
Batting: LHB Jon Frederick
|
0-0: Foul Ball, location: 2F 0-1: Foul Ball, location: 2F 0-2: Strikes out swinging
|
| Bottom of the 9th over - 1 run, 2 hits, 0 errors, 1 left on base; Nashville 1 - Toledo 1 |
| TOP OF THE 10TH |
|
Nashville Sounds batting - Pitching for Toledo Mud Hens : RHP Chris Kimura
|
|
Pitching: RHP Martin Murillo
|
|
|
Batting: RHB Robby Godwin
|
0-0: Ground out 4-3 (Groundball, 4, EV 86.2 MPH)
|
|
Batting: SHB Ryan Chicoine
|
0-0: Foul Ball, location: 2F 0-1: SINGLE (Groundball, 13, EV 85.0 MPH) (infield hit)
|
|
Pinch Hitting: SHB D.J. Codd
|
0-0: Ball 1-0: Foul Ball, location: 2F 1-1: Ball Ryan Chicoine steals 2nd base 2-1: Ball 3-1: Base on Balls
|
|
Batting: RHB Jeff Garofalo
|
0-0: Ball 1-0: Reached on error, E5 (Groundball, 6S, EV 62.5 MPH) Ryan Chicoine to third D.J. Codd to second
|
|
Batting: SHB Robert Santiago
|
0-0: Foul Ball, location: 2F 0-1: Grounds into double play, 3-2-3 (Groundball, 34S, EV 74.4 MPH)
|
| Top of the 10th over - 0 runs, 1 hit, 1 error, 2 left on base; Nashville 1 - Toledo 1 |
| BOTTOM OF THE 10TH |
|
Toledo Mud Hens batting - Pitching for Nashville Sounds : RHP Charlie Shook
|
|
Now at 2B: Yonetoshi Muranaka
|
|
|
Batting: RHB Dan Becvar
|
0-0: Hit by Pitch
|
|
Batting: RHB Joel Miller
|
0-0: Ball Wild Pitch! Dan Becvar to second 1-0: SINGLE (Line Drive, 56D, EV 96.2 MPH) Dan Becvar to third Runner from 3rd tries for Home, throw by LF and OUT! 7-2
|
|
Batting: RHB Keith Hoffman
|
0-0: Foul Ball, location: 2F 0-1: Grounds into double play, 1-4-3 (Groundball, P, EV 66.2 MPH)
|
| Bottom of the 10th over - 0 runs, 1 hit, 0 errors, 0 left on base; Nashville 1 - Toledo 1 |
| TOP OF THE 11TH |
|
Nashville Sounds batting - Pitching for Toledo Mud Hens : RHP Martin Murillo
|
|
Batting: RHB Tim Cordle
|
0-0: SINGLE (Line Drive, 8LS, EV 100.0 MPH)
|
|
Batting: LHB Zachary DeLuca
|
0-0: Foul Ball, location: 2F 0-1: Ball 1-1: Foul Ball, location: 2F 1-2: Fly out, F8 (Flyball, 8RS, EV 78.1 MPH)
|
|
Batting: LHB Tomas Segarra
|
0-0: Ball 1-0: Grounds into double play, 4-6-3 (Groundball, 34S, EV 82.5 MPH)
|
| Top of the 11th over - 0 runs, 1 hit, 0 errors, 0 left on base; Nashville 1 - Toledo 1 |
| BOTTOM OF THE 11TH |
|
Toledo Mud Hens batting - Pitching for Nashville Sounds : RHP Charlie Shook
|
|
Batting: RHB Aaron Cusick
|
0-0: Called Strike 0-1: Foul Ball, location: 2F 0-2: Ball 1-2: Strikes out swinging
|
|
Batting: SHB Scott Bartholomew
|
0-0: Ball 1-0: Ball 2-0: Ball 3-0: Foul Ball, location: 2F 3-1: Foul Ball, location: 2F 3-2: Strikes out swinging
|
|
Batting: RHB Brandon O'Malley
|
0-0: Called Strike 0-1: Called Strike 0-2: Ball 1-2: Strikes out looking
|
| Bottom of the 11th over - 0 runs, 0 hits, 0 errors, 0 left on base; Nashville 1 - Toledo 1 |
| TOP OF THE 12TH |
|
Nashville Sounds batting - Pitching for Toledo Mud Hens : RHP Martin Murillo
|
|
Batting: RHB Wade Diamond
|
0-0: Ball 1-0: Swinging Strike 1-1: Ground out 5-3 (Groundball, 5S, EV 67.5 MPH)
|
|
Batting: RHB Robby Godwin
|
0-0: Called Strike 0-1: Foul Ball, location: 2F 0-2: Fly out, F4 (Popup, 4, EV 58.8 MPH)
|
|
Batting: SHB Ryan Chicoine
|
0-0: Ball 1-0: Fly out, F8 (Flyball, 78D, EV 103.8 MPH)
|
| Top of the 12th over - 0 runs, 0 hits, 0 errors, 0 left on base; Nashville 1 - Toledo 1 |
| BOTTOM OF THE 12TH |
|
Toledo Mud Hens batting - Pitching for Nashville Sounds : RHP Charlie Shook
|
|
Pitching: RHP Kevin Endsley
|
|
|
Batting: RHB J.J. Basil
|
0-0: Ground out U3 (Groundball, 34S, EV 90.0 MPH)
|
|
Batting: LHB Bill Ford
|
0-0: Ball 1-0: Ball 2-0: Foul Ball, location: 2F 2-1: Called Strike 2-2: Strikes out swinging
|
|
Batting: LHB Jon Frederick
|
0-0: Ball 1-0: Ball 2-0: Called Strike 2-1: Ground out 5-3 (Groundball, 56, EV 85.6 MPH)
|
| Bottom of the 12th over - 0 runs, 0 hits, 0 errors, 0 left on base; Nashville 1 - Toledo 1 |
| TOP OF THE 13TH |
|
Nashville Sounds batting - Pitching for Toledo Mud Hens : RHP Martin Murillo
|
|
Batting: RHB Yonetoshi Muranaka
|
0-0: Called Strike 0-1: Ground out 5-3 (Groundball, 5S, EV 83.1 MPH)
|
|
Batting: RHB Jeff Garofalo
|
0-0: Ball 1-0: Ball 2-0: Foul Ball, location: 2F 2-1: Ball 3-1: Base on Balls
|
|
Batting: SHB Robert Santiago
|
0-0: Foul Ball, location: 2F 0-1: Ball 1-1: Foul Ball, location: 2F 1-2: Fly out, F7 (Flyball, 7D, EV 75.6 MPH)
|
|
Batting: RHB Tim Cordle
|
0-0: Ball Jeff Garofalo steals 2nd base 1-0: Intentional Walk
|
|
Batting: LHB Zachary DeLuca
|
0-0: Ball 1-0: Called Strike 1-1: Ground out 5-3 (Groundball, 56, EV 110.0 MPH)
|
| Top of the 13th over - 0 runs, 0 hits, 0 errors, 2 left on base; Nashville 1 - Toledo 1 |
| BOTTOM OF THE 13TH |
|
Toledo Mud Hens batting - Pitching for Nashville Sounds : RHP Kevin Endsley
|
|
Batting: RHB Dan Becvar
|
0-0: Ball 1-0: Swinging Strike 1-1: Foul Ball, location: 2F 1-2: Ball 2-2: Strikes out swinging
|
|
Batting: RHB Joel Miller
|
0-0: Swinging Strike 0-1: Ball 1-1: Foul Ball, location: 2F 1-2: Ball 2-2: Ground out 5-3 (Groundball, 5, EV 90.0 MPH)
|
|
Batting: RHB Keith Hoffman
|
0-0: Ball 1-0: Ball 2-0: Called Strike 2-1: Called Strike 2-2: Strikes out swinging
|
| Bottom of the 13th over - 0 runs, 0 hits, 0 errors, 0 left on base; Nashville 1 - Toledo 1 |
| TOP OF THE 14TH |
|
Nashville Sounds batting - Pitching for Toledo Mud Hens : RHP Martin Murillo
|
|
Pitching: RHP Luis Brown
|
|
|
Batting: LHB Tomas Segarra
|
0-0: Foul Ball, location: 2F 0-1: Swinging Strike 0-2: Ball 1-2: Strikes out swinging
|
|
Pinch Hitting: LHB Gregg Power
|
0-0: Foul Ball, location: 2F 0-1: Called Strike 0-2: Ground out 6-3 (Groundball, 4, EV 77.5 MPH)
|
|
Batting: RHB Robby Godwin
|
0-0: Ball 1-0: Fly out, F8 (Flyball, 8LM, EV 98.1 MPH)
|
| Top of the 14th over - 0 runs, 0 hits, 0 errors, 0 left on base; Nashville 1 - Toledo 1 |
| BOTTOM OF THE 14TH |
|
Toledo Mud Hens batting - Pitching for Nashville Sounds : RHP Kevin Endsley
|
|
Now in LF: Chance Stever
|
|
|
Batting: RHB Aaron Cusick
|
0-0: Ball 1-0: Ball 2-0: Ball 3-0: Called Strike 3-1: Foul Ball, location: 2F 3-2: Foul Ball, location: 2F 3-2: Fly out, F9 (Flyball, 9D, EV 96.2 MPH)
|
|
Batting: SHB Scott Bartholomew
|
0-0: Ball 1-0: Ball 2-0: Ball 3-0: Foul Ball, location: 2F 3-1: Called Strike 3-2: Foul Ball, location: 2F 3-2: Foul Ball, location: 2F 3-2: Base on Balls
|
|
Pitching: RHP Mike Staus
|
|
|
Batting: RHB Brandon O'Malley
|
0-0: Called Strike 0-1: Ball 1-1: Foul Ball, location: 2F 1-2: Foul Ball, location: 2F 1-2: Ball 2-2: Ball 3-2: Ground out 5-3 (Groundball, 56S, EV 86.9 MPH) Scott Bartholomew to second
|
|
Batting: RHB J.J. Basil
|
0-0: Ball 1-0: Swinging Strike 1-1: Foul Ball, location: 2F 1-2: Ball 2-2: Ball 3-2: Fly out, F7 (Line Drive, 7S, EV 90.0 MPH)
|
| Bottom of the 14th over - 0 runs, 0 hits, 0 errors, 1 left on base; Nashville 1 - Toledo 1 |
| TOP OF THE 15TH |
|
Nashville Sounds batting - Pitching for Toledo Mud Hens : RHP Luis Brown
|
|
Batting: SHB Ryan Chicoine
|
0-0: Ball 1-0: Foul Ball, location: 2F 1-1: Ball 2-1: Fly out, F8 (Flyball, 78M, EV 77.5 MPH)
|
|
Batting: RHB Yonetoshi Muranaka
|
0-0: Ball 1-0: Ball 2-0: Called Strike 2-1: Foul Ball, location: 2F 2-2: Ball 3-2: Foul Ball, location: 2F 3-2: DOUBLE (Flyball, 8LXD, EV 100.6 MPH)
|
|
Batting: RHB Jeff Garofalo
|
0-0: Called Strike 0-1: Swinging Strike 0-2: Ball 1-2: Foul Ball, location: 2F 1-2: Ball 2-2: DOUBLE (Line Drive, 5D, EV 97.5 MPH) Yonetoshi Muranaka scores
|
|
Batting: SHB Robert Santiago
|
0-0: Fly out, F8 (Flyball, 78D, EV 106.2 MPH)
|
|
Batting: RHB Tim Cordle
|
0-0: Intentional Walk
|
|
Batting: LHB Zachary DeLuca
|
0-0: Ball 1-0: Ball 2-0: Swinging Strike 2-1: Swinging Strike 2-2: Foul Ball, location: 2F 2-2: Ground out 5-3 (Groundball, 56S, EV 90.6 MPH)
|
| Top of the 15th over - 1 run, 2 hits, 0 errors, 2 left on base; Nashville 2 - Toledo 1 |
| BOTTOM OF THE 15TH |
|
Toledo Mud Hens batting - Pitching for Nashville Sounds : RHP Mike Staus
|
|
Batting: LHB Bill Ford
|
0-0: Called Strike 0-1: Ball 1-1: Swinging Strike 1-2: Strikes out swinging
|
|
Batting: LHB Jon Frederick
|
0-0: Ball 1-0: Ground out 6-3 (Groundball, 56, EV 100.0 MPH)
|
|
Batting: RHB Dan Becvar
|
0-0: Fly out, F7 (Flyball, 78M, EV 85.6 MPH)
|
| Bottom of the 15th over - 0 runs, 0 hits, 0 errors, 0 left on base; Nashville 2 - Toledo 1 |
|